Map: Prion Terraces

Players

Beastyqt

  • Race: Terran Terran
  • League: Master

HuK - Winner!

  • Race: Protoss Protoss
  • League: Grandmaster

Event: DreamHack ZOWIE Open Leipzig

VOD

https://youtu.be/3v5qcJnwi7M

Description

Time

  • Played on: Jan. 22, 2016, 10:38 a.m.
  • Length: 11:30

All games in this series

Show
View Real Time Build Order
Export as new Build Order

Beastyqt Terran 

Build Orders: Liberator Opening, MMM Bio 

Get SALT Encoding   

  12  0:01  SCV  
  13  0:13  SCV  
  14  0:22  Supply Depot  
  14  0:25  SCV  
  15  0:43  SCV  
  15  0:44  Barracks  
  15  0:46  Refinery  
  16  0:55  SCV  
  17  1:00  Refinery  
  17  1:07  SCV  
  18  1:20  SCV  
  19  1:32  Reaper, Orbital Command  
  20  1:39  Supply Depot  
  20  1:50  Factory  
  20  1:58  SCV  
  21  2:04  Reaper  
  22  2:10  SCV  
  23  2:22  SCV  
  24  2:32  Supply Depot  
  24  2:34  SCV  
  24  2:35  Starport  
  25  2:42  Factory Tech Lab  
  25  2:45  Reaper  
  25  2:46  SCV  
  26  2:58  Liberator  
  27  2:59  SCV  
  27  3:00  Command Center  
  28  3:17  SCV  
  31  3:29  SCV, Cyclone  
  31  3:31  Supply Depot  
  35  3:41  SCV  
  36  3:42  Liberator  
  36  3:49  Barracks  
  36  3:50  Barracks  
  36  3:55  SCV  
  39  4:08  SCV  
  40  4:12  Barracks  
  40  4:17  Orbital Command  
  40  4:21  SCV  
  41  4:34  Engineering Bay  
  41  4:35  SCV, Cyclone  
  45  4:48  SCV  
  45  4:49  Barracks Tech Lab  
  45  4:50  Barracks Tech Lab  
  47  4:53  Orbital Command  
  43  5:01  Barracks Reactor  
  43  5:03  Barracks Reactor  
  43  5:05  SCV  
  44  5:07  Barracks  
  44  5:11  Marine x2  
  44  5:13  Stimpack  
  46  5:17  Supply Depot  
  46  5:18  Missile Turret  
  47  5:21  SCV  
  47  5:25  SCV  
  48  5:29  Marine x2  
  50  5:40  Bunker  
  50  5:41  Supply Depot  
  49  5:44  SCV  
  49  5:45  Supply Depot  
  49  5:46  Marine x2  
  49  5:47  Marine  
  49  5:49  SCV  
  54  5:52  Combat Shields  
  54  5:54  Marine x2  
  56  6:00  SCV  
  57  6:04  SCV  
  57  6:07  Marine x2  
  57  6:09  Marine x2  
  57  6:11  Factory Reactor  
  62  6:12  SCV  
  62  6:13  Terran Infantry Weapons Level 1  
  62  6:14  Starport  
  62  6:17  SCV  
  63  6:20  Bunker  
  63  6:24  Marine x2  
  65  6:30  Refinery x2  
  65  6:32  SCV, Missile Turret  
  66  6:36  SCV  
  67  6:44  SCV  
  66  6:48  SCV  
  66  6:52  Marine x2  
  66  6:54  Marine x2  
  66  6:59  Missile Turret  
  67  7:02  SCV  
  67  7:04  SCV  
  67  7:06  Marine  
  67  7:07  Marine x2  
  64  7:10  Marine x2  
  64  7:11  Marine  
  64  7:15  SCV, Marine  
  66  7:27  Marine x4  
  67  7:39  SCV  
  67  7:40  SCV  
  67  7:45  Medivac x2  
  67  7:52  SCV  
  67  7:58  Command Center  
  68  8:00  Marine x2  
  68  8:04  SCV x2  
  72  8:07  Marine x2  
  72  8:11  Supply Depot  
  74  8:13  Marine  
  74  8:17  Bunker  
  74  8:18  SCV  
  76  8:23  Medivac  
  78  8:31  Supply Depot, SCV  
  77  8:36  Marine  
  77  8:40  Ghost Academy, Marine x2  
  77  8:41  Medivac  
  82  8:47  Terran Infantry Armor Level 1, Supply Depot  
  77  8:58  SCV  
  77  8:59  Marine  
  79  9:03  Marine  
  79  9:04  Marine  
  79  9:06  Marine  
  80  9:10  Orbital Command  
  79  9:19  Ghost  
  79  9:21  Ghost  
  80  9:34  Armory  
  80  9:35  Marine  
  80  9:36  Marine x2  
  82  9:46  Ghost  
  82  9:49  Marine x2  
  82  9:52  Marine  
  87  10:02  Supply Depot  
  87  10:07  Marine  
  87  10:08  Marauder  
  87  10:09  Orbital Command  
  87  10:12  Marine x3  
  87  10:13  Marine  
  94  10:15  Marine  
  94  10:18  SCV x2, Missile Turret  
  95  10:30  SCV  
  95  10:33  Marine  
  95  10:34  Marauder x2, Marine x2  
  91  10:52  Marine  
  91  10:53  Factory Reactor, Marauder  
  89  10:58  Orbital Command  
  89  10:59  Marine  
  89  11:00  Marine  
  89  11:03  Marauder, Marine x2  
Show
View Real Time Build Order
Export as new Build Order

HuK Protoss - Winner!

Build Orders: 1 Gate Expand 

Get SALT Encoding   

  12  0:03  Probe (Chrono Boost)  
  14  0:14  Probe (Chrono Boost)  
  14  0:18  Pylon  
  14  0:24  Probe (Chrono Boost)  
  15  0:36  Probe (Chrono Boost)  
  15  0:38  Gateway  
  16  0:42  Assimilator  
  16  0:47  Probe (Chrono Boost)  
  17  0:58  Probe (Chrono Boost)  
  18  1:08  Probe (Chrono Boost)  
  19  1:19  Probe (Chrono Boost)  
  19  1:25  Cybernetics Core  
  20  1:29  Probe (Chrono Boost)  
  21  1:37  Nexus  
  21  1:41  Pylon  
  21  1:43  Probe (Chrono Boost)  
  22  1:53  Probe (Chrono Boost)  
  22  1:54  Assimilator  
  23  2:01  Adept (Chrono Boost)  
  25  2:02  Warp Gate (Chrono Boost)  
  25  2:04  Probe  
  26  2:16  Probe  
  26  2:30  Mothership Core  
  26  2:33  Pylon  
  27  2:40  Adept (Chrono Boost)  
  29  2:48  Probe  
  30  2:51  Probe  
  31  3:01  Gateway  
  31  3:03  Probe  
  31  3:04  Gateway, Adept  
  34  3:16  Probe  
  34  3:17  Probe  
  36  3:24  Stargate  
  34  3:30  Adept  
  34  3:32  Probe  
  37  3:36  Probe  
  37  3:39  Pylon  
  38  3:45  Probe  
  39  3:57  Probe  
  39  4:02  Adept  
  42  4:03  Adept  
  42  4:04  Probe  
  42  4:06  Gateway  
  42  4:08  Phoenix (Chrono Boost)  
  42  4:09  Gateway  
  47  4:11  Adept  
  47  4:23  Stalker x2  
  51  4:30  Phoenix (Chrono Boost)  
  53  4:33  Probe  
  54  4:39  Probe  
  55  4:51  Probe  
  56  4:55  Gateway x2  
  56  4:56  Phoenix (Chrono Boost)  
  58  5:04  Probe  
  58  5:05  Pylon  
  60  5:15  Adept  
  60  5:18  Pylon  
  60  5:19  Assimilator  
  61  5:22  Probe  
  61  5:23  Phoenix (Chrono Boost)  
  61  5:24  Assimilator  
  64  5:28  Adept x2  
  64  5:29  Adept  
  70  5:47  Phoenix (Chrono Boost)  
  72  5:50  Probe x2  
  72  5:55  Pylon  
  72  5:57  Pylon  
  74  6:02  Probe  
  75  6:09  Phoenix (Chrono Boost)  
  77  6:18  Sentry, Zealot x3  
  79  6:19  Zealot  
  79  6:20  Adept  
  89  6:25  Pylon  
  89  6:30  Phoenix (Chrono Boost)  
  91  6:35  Probe x2, Twilight Council  
  83  7:10  Phoenix (Chrono Boost)  
  83  7:14  Probe, Resonating Glaives (Chrono Boost)  
  86  7:16  Nexus  
  86  7:18  Stalker x3  
  86  7:19  Stalker x2  
  76  7:30  Adept x2  
  78  7:40  Gateway  
  78  7:41  Gateway  
  78  7:43  Gateway  
  78  7:45  Phoenix  
  78  7:51  Adept x3  
  82  7:53  Sentry  
  82  7:57  Sentry  
  86  8:00  Sentry, Adept  
  90  8:07  Phoenix  
  92  8:20  Adept x3  
  92  8:23  Adept x2  
  102  8:27  Probe  
  102  8:32  Probe  
  102  8:34  Probe  
  105  8:35  Pylon  
  105  8:37  Assimilator  
  105  8:40  Probe  
  106  8:43  Probe  
  107  8:52  Stalker x3  
  99  9:21  Probe  
  96  9:26  Adept  
  96  9:27  Adept x5  
  96  9:30  Probe  
  102  9:31  Probe  
  102  9:35  Probe  
  105  9:40  Probe  
  105  9:42  Forge  
  105  9:44  Probe, Forge  
  105  10:00  Adept x5  
  105  10:01  Adept  
  119  10:16  Assimilator  
  119  10:18  Adept x2  
  121  10:21  Probe x2  
  123  10:32  Adept  
  125  10:35  Pylon  
  125  10:36  Pylon  
  115  10:51  Adept x5  
  123  11:00  Adept x3  
  129  11:25  Adept x6  
  121  11:26  Adept  

Tags
 
Add a new tag
Caveats
  • Supply blocks, unpowered buildings, or Contaminate may cause inaccurate times.
  • Supply counts are checked every 10 seconds.